 Dungeon Crawl Stone Soup version 0.28.0-53-g5a82cb258f (webtiles) character file.

Game seed: 5714027360309388505

53 Woods the Insei (level 3, -6/28 HPs)
             Began as a Gnoll Transmuter on June 8, 2022.
             Mangled by Sigmund
             ... wielding a +1 vampiric scythe
              (7 damage)
             ... on level 3 of the Dungeon.
             The game lasted 00:02:34 (1952 turns).

Woods the Insei (Gnoll Transmuter)                  Turns: 1952, Time: 00:02:34

Health: -6/28      AC:  3    Str:  9    XL:     3   Next: 89%
Magic:  7/9        EV: 13    Int: 14    God:
Gold:   79         SH:  0    Dex: 12    Spells: 6/12 levels left

rFire   . . .      SeeInvis .     - Unarmed
rCold   . . .      Faith    .   (no shield)
rNeg    . . .      Spirit   .   a - +0 robe
rPois   .          Reflect  .   f - +0 helmet
rElec   .          Harm     .   (no cloak)
rCorr   .          Rampage  .   (no gloves)
Will    .....                   (no boots)
Stlth   ++........              (no amulet)
HPRegen 0.09/turn               (no ring)
MPRegen 0.11/turn               (no ring)

@: no status effects
A: fangs 1, strong nose, distributed training
a: no special abilities


You were on level 3 of the Dungeon.
You visited 1 branch of the dungeon, and saw 3 of its levels.

You collected 79 gold pieces.

Inventory:

Armour
 a - a +0 robe (worn)
 f - a +0 helmet (worn)
Jewellery
 j - a ring of fire
Scrolls
 c - 6 scrolls of identify {unknown}
 e - a scroll of acquirement {unknown}
 i - 3 scrolls of immolation {unknown}
 k - a scroll of vulnerability {unknown}
 l - a scroll of holy word {unknown}
 n - a scroll of teleportation {unknown}
 p - a scroll of enchant weapon {unknown}
 q - a scroll of blinking {unknown}
Potions
 b - 2 potions of lignification {unknown}
 d - a potion of degeneration {unknown}
 g - a potion of invisibility {unknown}
 h - a potion of brilliance {unknown}
 m - a potion of heal wounds {unknown}
 o - a potion of cancellation {unknown}
 r - a potion of ambrosia {unknown}


   Skills:
 + Level 2.6 Fighting
 + Level 1.0 Short Blades
 + Level 1.0 Long Blades
 + Level 1.0 Axes
 + Level 1.0 Maces & Flails
 + Level 1.0 Polearms
 + Level 1.0 Staves
 + Level 1.0 Slings
 + Level 1.0 Bows
 + Level 1.0 Crossbows
 + Level 1.0 Throwing
 + Level 1.0 Armour
 + Level 4.6 Dodging
 + Level 1.0 Stealth
 + Level 1.0 Shields
 + Level 6.5 Unarmed Combat
 + Level 5.0 Spellcasting
 + Level 0.7 Conjurations
 + Level 0.7 Hexes
 + Level 0.7 Summonings
 + Level 0.7 Necromancy
 + Level 0.7 Translocations
 + Level 3.8 Transmutations
 + Level 0.7 Fire Magic
 + Level 0.7 Ice Magic
 + Level 0.7 Air Magic
 + Level 0.7 Earth Magic
 + Level 0.7 Poison Magic
 + Level 1.0 Invocations
 + Level 1.0 Evocations


You had 6 spell levels left.
You knew the following spells:

 Your Spells              Type           Power      Damage    Failure   Level
a - Beastly Appendage     Tmut           28%        N/A       3%          1
b - Wereblood             Tmut           14%        N/A       5%          2
c - Spider Form           Tmut/Pois      9%         N/A       21%         3

Your spell library contained the following spells:

 Spells                   Type           Power      Damage    Failure   Level
 Ice Form                 Ice/Tmut       9%         N/A       56%         4


Dungeon Overview and Level Annotations

Branches:
Dungeon (3/15)

Altars:

Annotations:
D:3 Sigmund


Innate Abilities, Weirdness & Mutations

You have very sharp teeth.
Your uncanny sense of smell can sniff out nearby items.
Your experience applies equally to all skills.


Message History

Sigmund flickers and vanishes!
Deactivating autopickup; reactivate with Ctrl-A.
Your transformation is almost over.
You see here 15 arrows.
Your horns disappear.
Your talons disappear.
Your +0 helmet unmelds from your body.
You see here a giant cockroach corpse.
Sigmund gestures wildly while chanting.
Sigmund flickers and vanishes!
There is an escape hatch in the ceiling here.
Casting: Beastly Appendage (safe; 3% risk of failure)
Confirm with . or Enter, or press ? or * to list all spells.
The spell is quite dangerous to miscast (21% risk of failure)!
Continue anyway?
You turn into a venomous arachnid creature.
Your +0 helmet melds into your body.
Your +0 robe melds into your body.
You barely miss the kobold. The kobold closely misses you.
You barely miss the kobold. You hit the kobold.
You kill the kobold!
Your transformation is almost over.
Things that are here:
a +0 short sword; a kobold corpse Something hits you!
You bite something! Something barely misses you.
You closely miss something. You miss something. Something hits you.
You bite something! You closely miss something. Something hits you!
* * * LOW HITPOINT WARNING * * *
You closely miss something. Something barely misses you.
You hit something. You hit something.
Your transformation has ended.
Your +0 helmet unmelds from your body.
Your +0 robe unmelds from your body.
You hear some strange, mumbled words.
A magic dart appears from out of thin air!
The magic dart hits you.
* * * LOW HITPOINT WARNING * * *
Something hits you!
You die...

#### #... #.##
############# #.#
#.<.........# #.#
#@#########.# #.#
#.#.......#.# #.#
#{#......<..# #.#
###.#############.#
#.................#
###################


There were no monsters in sight!

Vanquished Creatures
  An adder (D:2)
  A dart slug (D:2)
  5 ball pythons
  3 endoplasms
  4 giant cockroaches
  2 hobgoblins
  4 quokkas
  5 bats
  3 frilled lizards
  A goblin (D:1)
  5 kobolds
  8 rats
42 creatures vanquished.

Notes
Turn   | Place    | Note
-------+----------+-------------------------------------------
     0 | D:1      | Woods the Gnoll Transmuter began the quest for the Orb.
     0 | D:1      | Reached XP level 1. HP: 17/17 MP: 6/6
   113 | D:1      | Reached XP level 2. HP: 23/23 MP: 5/7
   262 | D:1      | Learned a level 2 spell: Wereblood
  1186 | D:2      | Found a faded altar of an unknown god.
  1306 | D:2      | Reached XP level 3. HP: 25/28 MP: 7/9
  1360 | D:2      | Reached skill level 5 in Spellcasting
  1437 | D:2      | Reached skill level 1 in Invocations
  1787 | D:3      | Learned a level 3 spell: Spider Form
  1841 | D:3      | Reached skill level 1 in Short Blades
  1841 | D:3      | Reached skill level 1 in Long Blades
  1841 | D:3      | Reached skill level 1 in Axes
  1841 | D:3      | Reached skill level 1 in Maces & Flails
  1841 | D:3      | Reached skill level 1 in Polearms
  1841 | D:3      | Reached skill level 1 in Staves
  1841 | D:3      | Reached skill level 1 in Slings
  1841 | D:3      | Reached skill level 1 in Bows
  1841 | D:3      | Reached skill level 1 in Crossbows
  1841 | D:3      | Reached skill level 1 in Throwing
  1841 | D:3      | Reached skill level 1 in Armour
  1841 | D:3      | Reached skill level 1 in Stealth
  1841 | D:3      | Reached skill level 1 in Shields
  1841 | D:3      | Reached skill level 1 in Evocations
  1869 | D:3      | Noticed Sigmund
  1951 | D:3      | HP: 1/28 [something/magic dart (6)]
  1952 | D:3      | Mangled by Sigmund

Illustrated notes

Levels and vault maps discovered:
D:1:      tarquinn_simple_flora_water_e, layout_basic, st_stairs_2,
          chequers_avenue
D:2:      layout_rooms, chequers_ecumenical_altar_simple_redux, minmay_circle_x
D:3:      layout_basic, lemuel_zombie_altar_yredelemnul,
          nicolae_overflow_hidden_temple, serial_shops, shop, uniq_sigmund

Skill      XL: |  1  2  3 |
---------------+----------+-----
Spellcasting   | 5 |  5.0
Invocations    | 1 |  1.0
Short Blades   | 1 |  1.0
Long Blades    | 1 |  1.0
Axes           | 1 |  1.0
Maces & Flails | 1 |  1.0
Polearms       | 1 |  1.0
Staves         | 1 |  1.0
Slings         | 1 |  1.0
Bows           | 1 |  1.0
Crossbows      | 1 |  1.0
Throwing       | 1 |  1.0
Armour         | 1 |  1.0
Stealth        | 1 |  1.0
Shields        | 1 |  1.0
Evocations     | 1 |  1.0
Fighting       | |  2.6
Dodging        | |  4.6
Unarmed Combat | |  6.5
Conjurations   | |  0.7
Hexes          | |  0.7
Summonings     | |  0.7
Necromancy     | |  0.7
Translocations | |  0.7
Transmutations | |  3.8
Fire Magic     | |  0.7
Ice Magic      | |  0.7
Air Magic      | |  0.7
Earth Magic    | |  0.7
Poison Magic   | |  0.7

Action                   || total
-------------------------++-------
Melee: Unarmed           ||    94
       Kick              ||    13
       Headbutt          ||    10
       Bite              ||     3
       Punch             ||     1
 Cast: Beastly Appendage ||    26
       Spider Form       ||     1
 Stab: Sleeping          ||     4
Armor: Robe              ||    21
Dodge: Dodged            ||    64
